 Dungeon Crawl Stone Soup version 0.30.1-11-g7821555f0a (webtiles) character file.

Game seed: 4091562404263378946

102 Azazsd the Trooper (level 4, -4/37 HPs)
             Began as a Demonspawn Chaos Knight on Nov 15, 2023.
             Was a Plaything of Xom.
             Slain by a boulder beetle (shapeshifter) (41 damage)
             ... on level 3 of the Dungeon.
             The game lasted 00:04:48 (2223 turns).

Azazsd the Trooper (Demonspawn Chaos Knight)        Turns: 2223, Time: 00:04:48

Health: -4/37      AC: 14    Str: 14    XL:     4   Next: 50%
Magic:  4/4        EV:  7    Int: 13    God:    Xom [..*...]
Gold:   105        SH:  5    Dex: 13    Spells: 3/3 levels left

rFire   . . .        a - +2 hand axe (chaos)
rCold   x . .        (no shield)
rNeg    . . .        t - +4 chain mail "Boteucse" {rElec rC- Slay+2 Stlth+}
rPois   .            (no helmet)
rElec   +            n - +0 cloak
rCorr   .            (no gloves)
SInv    .            (no boots)
Will    .....        r - amulet of reflection Stlth
                     (no ring)
HPRegen 0.26/turn    (no ring)
MPRegen 0.09/turn

%: reflection
@: studying 2 skills
A: hooves 1, powered by death 1, spiny 1
a: Renounce Religion


You were on level 3 of the Dungeon.
You worshipped Xom.
You were a toy of Xom.
You visited 1 branch of the dungeon, and saw 3 of its levels.

You collected 105 gold pieces.

Inventory:

Hand Weapons
 a - a +2 hand axe of chaos (weapon)
Missiles
 q - 2 throwing nets
Armour
 m - a +2 plate armour of fire resistance
 n - a +0 cloak (worn)
 t - the +4 chain mail "Boteucse" (worn) {rElec rC- Slay+2 Stlth+}
   (You found it on level 2 of the Dungeon)

   Slay:      It affects your accuracy & damage with ranged weapons and melee
   (+2).
   rC:        It makes you vulnerable to cold.
   rElec:     It insulates you from electricity.
   Stlth:     It makes you more stealthy.
Jewellery
 r - an amulet of reflection (around neck)
Scrolls
 d - a scroll of identify {unknown}
 e - a scroll of teleportation
 g - a scroll of fog {unknown}
 h - a scroll of amnesia {unknown}
 k - a scroll of torment {unknown}
 s - a scroll of magic mapping {unknown}
Potions
 b - a potion of degeneration {unknown}
 f - a potion of flight {unknown}
 i - 2 potions of heal wounds {unknown}
 j - 3 potions of brilliance {unknown}
 l - 2 potions of haste {unknown}
 o - 2 potions of curing {unknown}
 p - a potion of might {unknown}
Miscellaneous
 c - a piece from Xom's chessboard (15/15) (quivered)


   Skills:
 + Level 3.8 Fighting
 + Level 3.4 Axes
 + Level 2.6 Armour
 + Level 2.0 Dodging


You had 3 spell levels left.
You didn't know any spells.
Your spell library contained the following spells:

 Spells                   Type           Power      Damage    Failure   Level
 Chain Lightning          Conj/Air       0%         N/A       100%        9
 Fire Storm               Conj/Fire      0%         5d1       100%        9
 Shatter                  Erth           0%         3d5*      100%        9


Dungeon Overview and Level Annotations

Branches:
Dungeon (3/15)

Altars:
Okawaru
Vehumet
Xom

Shops:
D:3 *:[


Innate Abilities, Weirdness & Mutations

You have large cloven feet.
You regenerate a little health from kills.
You are partially covered in sharp spines.


Message History

You open the door.
Found a radiant altar of Vehumet.
No target in view!
There is an open door here.
There is an open door here.
A quokka comes into view.
A worm comes into view.
The quokka is struck by your spines.
The quokka bites you but does no damage.
The worm moves out of view.
You slash the quokka! Lightning courses through the quokka!
You kill the quokka!
No target in view!
The worm is struck by your spines. The worm bites you but does no damage.
You slash the worm! You burn the worm.
The worm is severely wounded.
The worm bites you but does no damage.
You slash the worm!
You kill the worm!
Found Nopu's Antique Armour Shoppe.
No target in view!
No target in view!
No target in view!
j - 3 smoky emerald potions (gained 2)
There is an entrance to Nopu's Antique Armour Shoppe here.
You now have 105 gold pieces (gained 10).
A boulder beetle comes into view.
You see here an adder corpse.
The boulder beetle curls into a ball and begins rolling!
The boulder beetle attacks as you move away!
You block the boulder beetle's attack.
The boulder beetle stops rolling and uncurls.
The boulder beetle attacks as you move away!
The boulder beetle bites you but does no damage.
The boulder beetle curls into a ball and begins rolling!
The boulder beetle attacks as you move away!
The boulder beetle hits you!!!
Ouch! That really hurt!
You die...
Xom thinks this is hilarious!

####.∩###########.#...#
##..........##...###
##########..#..## ##.....##
###....## #..#..### ########
#...#...### ..#....#
##.#..##...###### #......#
##@.##.##........#
##.....########B.###.##........#
#.....#....#.°.## #.##..S.....#
#...........°### #.####..#####
##.#..##.....## #.# #.##
...##.##.....# #.####.#
.####.##.....# #.##...# .#
#.#......# #....### .#
#.#..†..## ##..)..##


You could see a boulder beetle (rolling).

Vanquished Creatures
  A gnoll (D:1)
  4 adders
  2 worms (D:3)
  A dart slug (D:2)
  3 orcs (D:3)
  4 ball pythons
  2 bats
  6 endoplasms
  2 giant cockroaches (D:1)
  3 goblins
  3 hobgoblins
  2 jackals (D:2)
  A kobold (D:1)
  3 quokkas
  5 frilled lizards
  4 rats (D:1)
46 creatures vanquished.

Notes
Turn   | Place    | Note
-------+----------+-------------------------------------------
     0 | D:1      | Azazsd the Demonspawn Chaos Knight began the quest for the
                  | Orb.
     0 | D:1      | Reached XP level 1. HP: 18/18 MP: 1/1
    81 | D:1      | Reached skill level 1 in Dodging
   108 | D:1      | Gained mutation: You regenerate a little health from kills.
                  | [demonic ancestry]
   108 | D:1      | Reached XP level 2. HP: 11/24 MP: 2/2
   701 | D:1      | XOM: smoke on damage
   703 | D:1      | Gained mutation: You have large cloven feet. [demonic
                  | ancestry]
   703 | D:1      | Reached XP level 3. HP: 23/29 MP: 3/3
  1092 | D:2      | XOM: noise
  1365 | D:2      | Identified the +4 chain mail "Boteucse" {rElec rC- Slay+2
                  | Stlth+}
  1721 | D:3      | Found Huezesio's Assorted Antiques.
  1752 | D:3      | an adder changed into a shapeshifter
  1752 | D:3      | Noticed a shapeshifter (shapeshifter)
  1752 | D:3      | a shapeshifter changed into a troll
  1752 | D:3      | Noticed a troll (shapeshifter)
  1779 | D:2      | Identified 2 scrolls of acquirement
  1779 | D:2      | Acquired a manual of Fighting
  1780 | D:2      | Acquired a manual of Axes
  1848 | D:3      | XOM: silly message
  1866 | D:3      | Gained mutation: You are partially covered in sharp spines.
                  | [demonic ancestry]
  1866 | D:3      | Reached XP level 4. HP: 35/35 MP: 4/4
  2002 | D:3      | XOM: silly message
  2085 | D:3      | Found Botoink's Book Shoppe.
  2113 | D:3      | Found an iron altar of Okawaru.
  2114 | D:3      | Found a shimmering altar of Xom.
  2134 | D:3      | Found a radiant altar of Vehumet.
  2195 | D:3      | Found Nopu's Antique Armour Shoppe.
  2204 | D:3      | Noticed a boulder beetle
  2223 | D:3      | Slain by a boulder beetle (shapeshifter)

Illustrated notes

Levels and vault maps discovered:
D:1:      eino_arrival_water_cross, layout_basic, serial_park_tiny_1,
          minmay_misc_feat_rows
D:2:      layout_loops_ring, dk_noncrumbling_3
D:3:      layout_rooms, grunt_temple_overflow_cloverleaf, serial_shops, shop,
          nicolae_shop_just_a_little_nook, shop, shop

Skill      XL: |  1  2  3  4 |
---------------+-------------+-----
Dodging        | 1 2 |  2.0
Armour         | 2 |  2.6
Axes           | 3 |  3.4
Fighting       | |  3.8

Action                     |  1- 3 |  4- 6 || total
---------------------------+-------+-------++-------
  Melee: Hand axe          |   110 |    15 ||   125
         Punch             |     3 |       ||     3
         Kick              |     9 |     5 ||    14
    Use: Scroll            |     5 |       ||     5
   Stab: Sleeping          |     2 |       ||     2
 Armour: Leather armour    |    33 |       ||    33
         Chain mail        |    18 |     8 ||    26
  Dodge: Dodged            |    79 |     1 ||    80
  Block: Other             |     3 |     3 ||     6
         Reflection        |       |     1 ||     1
